Map: Frost LE

Players

Mingyu - Winner!

  • Race: Terran Terran

Oxossi

  • Race: Zerg Zerg
  • League: Master

VOD

Have the link to the VOD?

Description

Time

  • Played on: Oct. 18, 2016, 2:46 p.m.
  • Length: 10:49
Show
View Real Time Build Order
Export as new Build Order

Mingyu Terran - Winner!

Build Orders: MMM Bio 

Get SALT Encoding   

  12  0:01  SCV  
  13  0:13  SCV  
  14  0:17  Supply Depot  
  14  0:25  SCV  
  15  0:39  SCV  
  15  0:41  Barracks  
  16  0:47  Refinery  
  16  0:51  SCV  
  17  1:03  SCV  
  18  1:15  SCV  
  19  1:27  SCV  
  19  1:32  Command Center, Unknown  
  20  1:36  Reaper  
  21  1:45  Orbital Command  
  21  2:03  Supply Depot  
  21  2:09  Barracks Reactor  
  21  2:11  SCV  
  22  2:23  SCV  
  23  2:37  Barracks  
  23  2:39  SCV, Barracks  
  23  2:44  Unknown  
  24  2:45  Orbital Command  
  24  2:48  Marine x2  
  26  2:52  SCV  
  27  3:03  Bunker  
  27  3:08  SCV  
  27  3:09  Marine  
  27  3:10  Marine  
  27  3:12  SCV  
  31  3:20  SCV  
  31  3:24  SCV  
  31  3:25  Barracks Tech Lab, Refinery  
  33  3:28  Barracks Reactor  
  33  3:32  SCV  
  34  3:34  Supply Depot  
  34  3:36  SCV  
  34  3:37  Engineering Bay  
  35  3:42  Supply Depot  
  35  3:44  SCV  
  36  3:48  SCV  
  36  3:49  Stimpack, Marine  
  36  3:51  Marine  
  39  3:56  SCV  
  39  3:57  Marauder  
  42  4:05  Factory, Marine x2  
  42  4:07  Marine  
  42  4:09  Terran Infantry Weapons Level 1  
  45  4:11  SCV  
  45  4:15  SCV  
  47  4:23  SCV  
  48  4:27  Marauder, SCV, Marine x4  
  55  4:35  SCV  
  55  4:49  Marine x2  
  55  4:51  Starport, Factory Reactor  
  57  4:59  Marine x2  
  57  5:00  Marine  
  57  5:03  Supply Depot  
  57  5:04  Supply Depot  
  57  5:05  Refinery  
  57  5:06  SCV x2  
  62  5:17  Barracks  
  62  5:18  Barracks  
  62  5:21  Supply Depot x2  
  62  5:23  Marine x3  
  62  5:24  Marine  
  66  5:34  Medivac x2  
  70  5:41  Marine  
  70  5:42  Marine x4  
  75  5:53  Combat Shields  
  75  5:59  Marine x2  
  75  6:00  Marine  
  75  6:04  Medivac  
  79  6:18  Barracks Tech Lab  
  79  6:19  Barracks Tech Lab  
  79  6:24  Medivac  
  79  6:25  Marauder, Marine x3  
  84  6:26  Marine  
  84  6:30  Refinery  
  87  6:40  Marauder x2  
  87  6:43  Marine  
  94  6:47  Marauder  
  94  6:48  Concussive Shells  
  94  6:50  Marine x3  
  97  7:01  Marine  
  98  7:02  Marauder x2  
  102  7:09  Supply Depot  
  102  7:11  Supply Depot  
  102  7:25  Supply Depot x2  
  102  7:30  Medivac x2, Marine x2  
  102  7:31  Marauder  
  102  7:32  Marauder, Marine x2  
  102  7:35  Marauder  
  106  7:48  Marine x2  
  106  7:50  Marine x2  
  93  7:52  Marauder  
  93  7:54  Marauder  
  93  7:56  Marauder  
  99  8:06  Marine x2  
  99  8:07  Marine x2  
  101  8:13  Marine  
  101  8:14  Medivac x2  
  101  8:15  Marine  
  101  8:17  Marine  
  105  8:23  Marine x2  
  105  8:25  Marine x2  
  99  8:31  Marauder  
  99  8:33  Marauder  
  99  8:39  Marauder  
  99  8:41  SCV x2, Marine x2  
  102  8:43  Marine x2  
  106  8:50  Medivac x2  
  106  8:52  Marauder  
  106  8:54  Marine  
  113  8:59  Marine x2  
  113  9:00  Marine  
  113  9:01  Marine x2  
  118  9:12  Marauder  
  118  9:14  Marauder  
  122  9:17  Marine  
  117  9:26  Marauder, Marine x3  
  118  9:34  Marauder  
  118  9:35  Marine x2  
  122  9:39  Medivac x2  
  122  9:44  Marine x3  
  126  9:48  Marauder  
  128  9:52  Marine  
  128  9:53  Marauder  
  128  9:55  Marauder  
  133  10:01  Marine  
  134  10:16  Medivac, Marine x2  
  134  10:18  Medivac, Marine  
  134  10:19  Marauder x3, Marine  
Show
View Real Time Build Order
Export as new Build Order

Oxossi Zerg 

Build Orders: Hatch First 

Get SALT Encoding   

  12  0:01  Drone  
  13  0:14  Overlord  
  13  0:21  Drone  
  14  0:34  Drone x2  
  16  0:37  Drone  
  17  0:53  Unknown, Hatchery  
  16  0:58  Drone  
  17  1:13  Spawning Pool  
  17  1:15  Extractor, Drone  
  16  1:19  Drone  
  16  1:22  Drone  
  18  1:32  Drone  
  19  1:40  Overlord  
  19  1:54  Drone  
  19  1:59  Queen  
  22  2:04  Zergling x2  
  22  2:05  Unknown  
  22  2:06  Queen, Zergling x2  
  26  2:16  Metabolic Boost  
  26  2:17  Drone x2  
  28  2:24  Drone  
  28  2:28  Drone  
  30  2:35  Queen  
  32  2:41  Drone  
  33  2:45  Overlord  
  33  2:47  Drone  
  34  2:51  Drone  
  34  2:53  Pneumatized Carapace  
  34  2:57  Drone  
  36  3:15  Zergling x2, Drone x2  
  36  3:16  Zergling x4, Drone x3  
  43  3:34  Overlord  
  42  3:38  Unknown, Hatchery  
  42  3:39  Evolution Chamber, Drone x2  
  42  3:44  Drone  
  43  3:56  Drone  
  43  3:57  Roach Warren  
  43  3:58  Drone x3  
  43  4:00  Extractor, Drone  
  46  4:08  Drone  
  47  4:17  Drone x3  
  47  4:19  Extractor  
  49  4:25  Drone x2  
  49  4:30  Overlord x2  
  51  4:41  Overlord, Drone  
  51  4:42  Overlord  
  51  4:44  Lair  
  52  4:45  Zerg Ground Armor Level 1  
  52  4:50  Unknown  
  50  5:01  Drone x3  
  50  5:03  Roach x2  
  50  5:04  Roach x2  
  50  5:06  Extractor, Queen  
  50  5:07  Queen  
  64  5:20  Roach x2, Zergling x2, Drone x3  
  64  5:21  Drone  
  73  5:36  Drone  
  73  5:37  Drone x5  
  73  5:38  Drone x3  
  82  5:45  Infestation Pit, Glial Reconstitution  
  82  5:49  Overlord x2, Zergling x2  
  82  5:50  Baneling Nest  
  81  5:59  Roach x3  
  81  6:02  Ravager  
  87  6:18  Zergling x6  
  87  6:19  Roach x3, Zergling x4  
  87  6:23  Drone x3  
  100  6:32  Overlord x3  
  100  6:33  Zergling x2  
  100  6:34  Centrifical Hooks, Zergling x4  
  100  6:39  Baneling x2  
  103  6:40  Baneling x3  
  103  6:41  Baneling x2  
  103  6:53  Drone x2  
  105  6:54  Extractor  
  105  6:56  Zerg Missile Weapons Level 1  
  105  6:58  Roach  
  105  6:59  Evolution Chamber, Roach x2, Zergling x6  
  105  7:00  Zergling x6  
  105  7:01  Zergling x6  
  118  7:02  Baneling x4  
  118  7:03  Baneling x3  
  118  7:05  Drone  
  118  7:06  Burrow  
  119  7:09  Extractor  
  119  7:13  Queen x2  
  122  7:34  Roach x4  
  122  7:35  Zergling x2  
  111  7:49  Roach x4  
  111  7:50  Roach x8  
  113  7:58  Roach x4  
  101  8:10  Roach x4  
  101  8:11  Roach x2  
  90  8:25  Roach x4  
  90  8:26  Roach x3  
  77  8:35  Queen x2  
  77  8:40  Drone  
  82  8:50  Queen  
  82  8:51  Drone  
  82  8:52  Drone x4  
  82  8:53  Roach, Drone x2  
  93  9:01  Zergling x6  
  96  9:04  Ravager  
  96  9:05  Ravager x3  
  87  9:24  Roach x2  
  87  9:25  Roach x5, Zergling x2  
  89  9:51  Baneling, Unknown, Hatchery  
  89  9:52  Baneling  
  86  9:53  Roach x3  
  86  9:54  Roach  
  85  10:07  Roach x4  
  88  10:27  Roach x3, Zergling x8  
  88  10:28  Roach  
Tags
 
Composition
MMM Bio
League
Master
Matchup
TvZ
Add a new tag
Caveats
  • Supply blocks, unpowered buildings, or Contaminate may cause inaccurate times.
  • Supply counts are checked every 10 seconds.